 Dungeon Crawl Stone Soup version 0.32-a0-711-g016ad743e0 (webtiles) character file.

Game seed: 16267833540428119407

2767 inmateoo the Poker (level 9, -1/70 (78) HPs)
             Began as a Mountain Dwarf Fighter on Mar 15, 2024.
             Slain by a wight
             ... wielding a +0 great sword
              (14 damage)
             ... on level 7 of the Dungeon.
             The game lasted 00:08:35 (8763 turns).

inmateoo the Poker (Mountain Dwarf Fighter)         Turns: 8763, Time: 00:08:36

HP:   -1/70 (78)    AC: 15    Str: 20    XL:     9   Next: 42%
MP:   9/9           EV:  6    Int:  9    God:
Gold: 411           SH:  5    Dex: 15    Spells: 8/8 levels left

rFire   . . .        f - +4 mace "Potzeiso" {drain, rC+ rN+ Will+ Str-3}
rCold   + . .        c - +0 buckler
rNeg    + . .        j - +0 plate armour
rPois   .            w - +1 helmet
rElec   .            (no cloak)
rCorr   .            (no gloves)
SInv    +            (no boots)
Will    +....        (no amulet) Stlth
                     y - +6 ring of dexterity
HPRegen 0.31/turn    z - ring of see invisible
MPRegen 0.11/turn

%: no passive effects
@: heavily drained
A: runic magic, artefact enchanting
a: no special abilities


You were on level 7 of the Dungeon.
You visited 1 branch of the dungeon, and saw 7 of its levels.

You collected 411 gold pieces.

Inventory:

Hand Weapons
 a - a +0 trident
 b - a +1 spear of venom
 f - the +4 mace "Potzeiso" (weapon) {drain, rC+ rN+ Will+ Str-3}
   (You found it on level 2 of the Dungeon)

   Str-3:     It affects your strength (-3).
   rC+:       It protects you from cold.
   rN+:       It protects you from negative energy.
   Will+:     It increases your willpower.
Missiles
 k - 4 curare-tipped darts (quivered)
Armour
 c - a +0 buckler (worn)
 j - a +0 plate armour (worn)
 w - a +1 helmet (worn)
Jewellery
 g - a ring of magical power
 i - a +6 ring of intelligence
 y - a +6 ring of dexterity (left hand)
 z - a ring of see invisible (right hand)
Wands
 h - a wand of mindburst (4)
 x - a wand of paralysis (10)
Scrolls
 d - 4 scrolls of teleportation
 l - a scroll of fear
 n - a scroll of immolation
 o - a scroll of identify
 v - a scroll of acquirement {unknown}
Potions
 e - 2 potions of mutation
 m - a potion of cancellation
 p - a potion of ambrosia
 q - 2 potions of brilliance
 r - 5 potions of curing
 s - a potion of heal wounds {unknown}
 t - a potion of attraction {unknown}
 u - a potion of experience {unknown}


   Skills:
 + Level 6.7 Fighting
 * Level 7.9 Polearms
 + Level 6.7 Armour
 + Level 3.6 Dodging
 + Level 6.4 Shields


You had 8 spell levels left.
You didn't know any spells.
Your spell library contained the following spells:

 Spells                   Type           Power      Damage    Failure   Level
 Slow                     Hex            0%         N/A       71%         1
 Confusing Touch          Hex            0%         N/A       97%         3
 Gell's Gravitas          Tloc           0%         N/A       97%         3
 Inner Flame              Hex/Fire       0%         N/A       97%         3
 Teleport Other           Tloc           0%         N/A       97%         3
 Vampiric Draining        Necr           0%         2d6       97%         3
 Flame Wave               Conj/Fire      0%         2d4       100%        4
 Sticky Flame             Fire/Alch      0%         2d4       100%        4
 Dispersal                Tloc           0%         N/A       100%        6


Dungeon Overview and Level Annotations

Branches:
Dungeon (7/15)             Temple (0/1) D:7

Altars:
Makhleb
Xom
Yredelemnul
The Shining One

Annotations:
D:4 2 runed translucent doors, zkyp's ghost, amateur CoGl


Innate Abilities, Weirdness & Mutations

Your spellcasting is much less encumbered by armour.
You can use scrolls of enchantment on lesser artefacts.


Message History

The wight is moderately damaged.
The wight hits you with a +3 short sword.
* * * LOW HITPOINT WARNING * * *
You hit the wight.
The wight is heavily damaged.
The wight barely misses you. You block the wight's attack.
You hit the wight but do no damage.
The wight is heavily damaged.
You block the wight's attack.
You hit the wight.
The wight is severely damaged.
The wight barely misses you. x2
You completely miss the wight.
The wight is severely damaged.
The wight hits you but does no damage.
You hit the wight.
The wight is almost destroyed.
The wight hits you with a +3 short sword!
* * * LOW HITPOINT WARNING * * *
The wight closely misses you.
You hit the wight but do no damage.
The wight is almost destroyed.
The wight hits you with a +3 short sword!
* * * LOW HITPOINT WARNING * * *
You closely miss the wight.
The wight is almost destroyed.
The wight hits you but does no damage.
You hit the wight.
You destroy the wight!
The wight hits you with a +0 great sword.
* * * LOW HITPOINT WARNING * * *
You partially resist.
You feel drained.
* * * LOW HITPOINT WARNING * * *
You feel better.
The wight hits you with a +0 great sword.
* * * LOW HITPOINT WARNING * * *
You feel better. The wight closely misses you.
You barely miss the wight.
The wight hits you with a +0 great sword!
You die...

#...... #.# #...... ###.###
#...... ####### #......
####⌠.⌠#########.>.... .......
..'.>.'.............. ........#
##⌠.⌠####........... #........#
####### #.....##'### #........#
#@# #.....#..... #........# #z#
#.....#..... #........# #.#
#.....#'###.
#........#####)#####.....#..##.
#.........#....#.........'...#.
#........z'z.<.#....>....#...#.
#.........#....#.........#...#.
#.........#....#.........#...#.
#.........####'#.........#..##.


You could see a wight.

Vanquished Creatures
  A hornet (D:7)
  A water moccasin (D:7)
  An orc warrior (D:7)
  An ice beast (D:5)
  2 sky beasts (D:7)
  A black bear (D:7)
  An ogre (D:5)
  A phantom (D:4)
  3 centaurs
  A bullfrog (D:7)
  2 kobold brigands
  8 wights
  2 howler monkeys
  3 bombardier beetles
  A hound (D:6)
  2 jellies
  3 gnoll boudas
  2 orc priests (D:4)
  2 sleepcaps (D:6)
  2 iguanas
  6 orc wizards
  4 adders
  14 gnolls
  A shadow imp (D:5)
  4 ribbon worms
  21 orcs
  7 ball pythons
  4 bats
  6 endoplasms
  A giant cockroach (D:3)
  9 goblins
  7 hobgoblins
  4 jackals
  3 quokkas
  2 frilled lizards
  14 kobolds
  5 rats
152 creatures vanquished.

Notes
Turn   | Place    | Note
-------+----------+-------------------------------------------
     0 | D:1      | inmateoo the Mountain Dwarf Fighter began the quest for the
                  | Orb.
     0 | D:1      | Reached XP level 1. HP: 19/19 MP: 1/1
    49 | D:1      | Reached XP level 2. HP: 19/26 MP: 2/2
    97 | D:1      | You fall into a shaft and drop 1 floor!
   235 | D:2      | Reached XP level 3. HP: 31/31 MP: 3/3
   276 | D:2      | Found a faded altar of an unknown god.
   756 | D:1      | Reached skill level 3 in Polearms
  1497 | D:2      | Reached XP level 4. HP: 40/40 MP: 4/4
  1535 | D:2      | Identified the +3 mace "Potzeiso" {drain, rC+ rN+ Will+
                  | Str-3}
  2377 | D:3      | Found a shimmering altar of Xom.
  2402 | D:3      | Found a basalt altar of Yredelemnul.
  2525 | D:3      | Reached skill level 1 in Dodging
  2632 | D:4      | Reached XP level 5. HP: 35/46 MP: 5/5
  3005 | D:4      | Reached skill level 4 in Polearms
  3039 | D:4      | Reached XP level 6. HP: 53/53 MP: 6/6
  3361 | D:4      | Found a large runed translucent door.
  3361 | D:4      | Found a large runed translucent door.
  3365 | D:4      | Noticed zkyp's ghost (amateur CoGl)
  3830 | D:5      | Entered Level 5 of the Dungeon
  3949 | D:5      | Found a glowing golden altar of the Shining One.
  4097 | D:5      | Reached XP level 7. HP: 52/60 MP: 7/7
  4423 | D:5      | Reached skill level 5 in Polearms
  4764 | D:5      | Reached skill level 5 in Fighting
  4775 | D:5      | Reached skill level 5 in Armour
  5405 | D:5      | Reached skill level 5 in Shields
  6090 | D:5      | Reached XP level 8. HP: 63/69 MP: 8/8
  6115 | D:5      | Reached skill level 6 in Polearms
  7455 | D:7      | Reached skill level 7 in Polearms
  7654 | D:7      | Noticed a hornet
  7658 | D:7      | Paralysed by a hornet for 1 turns
  7660 | D:7      | Reached XP level 9. HP: 44/75 MP: 9/9
  8220 | D:7      | Found a burning altar of Makhleb.
  8735 | D:7      | Found a staircase to the Ecumenical Temple.
  8760 | D:7      | HP: 2/71 [wight/+0 great sword (5)]
  8763 | D:7      | Slain by a wight

Illustrated notes

Levels and vault maps discovered:
D:1:      psy_arrival_whirlpool, layout_basic
D:2:      layout_loops_cross, hellmonk_ecumenical_altar_slurped_away
D:3:      layout_basic, overflow_temple_1_default, mainiacjoe_overflow_24_doors
D:4:      layout_basic, ebering_ghost_disaster_area
D:5:      layout_gridville, overflow_temple_1_default,
          nicolae_elevator_lobby_plus
D:6:      layout_rooms
D:7:      minmay_skewed_foursquare, layout_gridville, makhleb_altar_promises_db,
          temple_doors_e, minmay_fountain_box

Skill      XL: |  1  2  3  4  5  6  7  8 |
---------------+-------------------------+-----
Polearms       | 3 4 5 7 |  7.9
Fighting       | 4 5 6 |  6.7
Dodging        | 1 2 3 |  3.6
Armour         | 4 5 6 |  6.7
Shields        | 4 5 6 |  6.4

Action                     |  1- 3 |  4- 6 |  7- 9 || total
---------------------------+-------+-------+-------++-------
  Melee: Trident           |   119 |     1 |       ||   120
         Mace              |       |   157 |   279 ||   436
  Throw: Dart              |       |       |     1 ||     1
    Use: Scroll            |     6 |     6 |     5 ||    17
         Potion            |       |       |     4 ||     4
 Armour: Scale mail        |    64 |       |       ||    64
         Plate armour      |    18 |   243 |   419 ||   680
  Dodge: Dodged            |    34 |    42 |   130 ||   206
  Block: Buckler           |    19 |    53 |   104 ||   176

Table legend: (Time is in decaauts)
 A = Elapsed time spent in this place.
 B = Non-inter-level travel time spent in this place.
 C = Inter-level travel time spent in this place.
 D = Time resting spent in this place.
 E = Time spent auto-exploring this place.
 F = Levels seen in this place.
 G = Mean time per level.
                   A        B        C        D        E       F      G
               +--------+--------+--------+--------+--------+-----+--------+
         Total |   8990 |   8790 |    200 |   3117 |   3997 |   7 | 1284.3 |
       Dungeon |   8990 |   8790 |    200 |   3117 |   3997 |   7 | 1284.3 |
               +--------+--------+--------+--------+--------+-----+--------+

Top non-repeatable levels by time:
     D:5: 2019 daAuts
     D:4: 2011 daAuts
     D:7: 1594 daAuts
     D:1: 1015 daAuts
     D:2: 966 daAuts
     D:6: 723 daAuts
     D:3: 660 daAuts
